Map: Invader LE

Players

blackxored - Winner!

  • Race: Zerg Zerg
  • League: Platinum

Katsuni

  • Race: Terran Terran
  • League: Diamond

VOD

Have the link to the VOD?

Description

Time

  • Played on: June 30, 2016, 6:33 a.m.
  • Length: 11:40
Show
View Real Time Build Order
Export as new Build Order

blackxored Zerg - Winner!

Build Orders: Hatch First 

Get SALT Encoding   

  12  0:01  Drone  
  13  0:09  Drone  
  14  0:20  Overlord  
  14  0:24  Extractor  
  14  0:25  Drone  
  15  0:39  Drone x2  
  17  0:55  Hatchery  
  17  0:56  Drone  
  17  1:00  Drone  
  18  1:11  Extractor  
  17  1:14  Spawning Pool  
  17  1:17  Drone  
  17  1:21  Drone  
  18  1:27  Drone  
  19  1:40  Overlord  
  19  1:51  Drone  
  20  2:02  Queen  
  20  2:03  Zergling x2  
  20  2:07  Queen  
  20  2:08  Zergling x2  
  26  2:11  Zergling x2  
  27  2:26  Hatchery  
  27  2:27  Zergling x2  
  27  2:34  Metabolic Boost  
  27  2:37  Drone  
  28  2:47  Queen  
  29  2:53  Overlord  
  29  3:00  Pneumatized Carapace  
  29  3:16  Drone x2  
  29  3:17  Drone x3  
  34  3:33  Drone x5  
  39  3:34  Drone  
  39  3:39  Overlord  
  40  3:49  Zergling x6  
  40  3:50  Zergling x2  
  44  3:59  Queen  
  44  4:02  Queen  
  48  4:08  Queen  
  50  4:21  Zergling x14  
  50  4:23  Zergling x2  
  58  4:27  Overlord  
  58  4:53  Queen x2  
  58  4:54  Queen  
  58  4:55  Overlord x3  
  58  4:57  Drone  
  58  4:58  Drone  
  66  5:06  Overlord x2  
  66  5:18  Zergling x2  
  66  5:19  Zergling x12  
  73  5:30  Lair  
  73  5:33  Drone x2  
  74  5:52  Drone  
  74  5:53  Extractor, Drone x2  
  74  5:55  Drone  
  77  5:58  Drone x5  
  79  6:18  Drone x2  
  79  6:19  Drone x8  
  89  6:38  Hatchery  
  88  6:40  Drone, Evolution Chamber  
  88  6:41  Baneling Nest, Drone x3  
  88  6:46  Drone x2, Evolution Chamber  
  88  6:47  Drone x2  
  93  6:48  Extractor  
  93  6:50  Extractor, Drone  
  93  6:51  Extractor  
  93  6:52  Extractor  
  93  6:53  Drone  
  93  6:54  Hatchery  
  90  7:08  Drone  
  90  7:09  Drone x6  
  90  7:12  Drone  
  98  7:20  Drone x2  
  98  7:21  Drone x4  
  104  7:26  Zerg Melee Weapons Level 1, Zerg Ground Armor Level 1  
  104  7:27  Zergling x2, Centrifical Hooks  
  104  7:28  Zergling x2  
  106  7:30  Baneling x5  
  106  7:31  Baneling x6  
  106  7:32  Baneling x3  
  106  7:34  Baneling x2  
  106  7:35  Baneling x2  
  106  7:38  Baneling  
  106  7:39  Baneling  
  106  7:51  Drone  
  106  7:54  Roach Warren  
  106  7:57  Spire  
  105  8:08  Extractor  
  105  8:10  Extractor, Drone x6  
  105  8:11  Drone  
  110  8:17  Drone x5  
  110  8:18  Zergling x6  
  118  8:25  Hatchery  
  116  8:37  Glial Reconstitution  
  116  8:38  Hydralisk Den, Roach  
  116  8:40  Overlord x4  
  110  9:06  Zergling x2  
  110  9:07  Zergling x8, Roach x9  
  110  9:08  Roach  
  131  9:16  Roach x5  
  130  9:26  Roach x2  
  130  9:30  Baneling x8  
  130  9:31  Baneling x2  
  134  9:37  Roach x3  
  133  10:06  Roach  
  139  10:07  Roach x9  
  127  10:20  Roach  
  127  10:21  Roach x5  
  127  10:27  Burrow  
  125  10:30  Roach x7  
  125  10:34  Ravager  
  140  10:41  Overlord x4  
  136  10:53  Roach x2  
  140  11:02  Zergling x24  
  152  11:07  Ravager  
  152  11:08  Ravager x7  
  160  11:15  Roach x2  
  160  11:16  Overlord x3  
Show
View Real Time Build Order
Export as new Build Order

Katsuni Terran 

Build Orders: Reaper Expand 

Get SALT Encoding   

  12  0:01  SCV  
  13  0:13  SCV  
  14  0:18  Supply Depot  
  14  0:25  SCV  
  15  0:39  SCV  
  15  0:41  Barracks  
  16  0:45  Refinery  
  16  0:51  SCV  
  17  1:03  SCV  
  18  1:15  SCV  
  19  1:29  Orbital Command  
  19  1:30  Reaper  
  20  1:40  Command Center  
  20  1:49  Supply Depot  
  20  1:55  SCV  
  21  2:03  Barracks Reactor  
  21  2:07  SCV  
  22  2:19  SCV  
  23  2:25  Refinery  
  23  2:26  Factory  
  23  2:31  SCV  
  24  2:39  Marine x2  
  24  2:44  SCV  
  27  2:54  Orbital Command  
  27  2:56  Marine, SCV  
  27  2:57  Marine  
  30  3:00  Bunker  
  30  3:08  SCV  
  31  3:19  Marine x2, Factory Tech Lab  
  33  3:21  Starport  
  33  3:22  SCV  
  33  3:23  SCV  
  35  3:34  SCV  
  35  3:38  Marine x2  
  35  3:39  Siege Tank  
  41  3:43  SCV  
  41  3:46  Supply Depot  
  41  3:47  SCV  
  43  3:52  Supply Depot  
  43  3:55  SCV  
  44  3:59  Marine, SCV  
  46  4:05  Engineering Bay  
  46  4:07  Marine, Medivac  
  46  4:09  Engineering Bay  
  49  4:15  Supply Depot  
  49  4:16  SCV  
  49  4:17  SCV  
  51  4:26  Siege Tank  
  51  4:27  Marine x2  
  56  4:33  SCV x2  
  56  4:36  Refinery  
  58  4:45  Supply Depot  
  58  4:47  Marine x2  
  58  4:50  Medivac  
  58  4:52  Command Center  
  62  4:57  Supply Depot, SCV x2  
  64  5:15  Barracks  
  64  5:17  Barracks, SCV x2  
  64  5:18  Barracks  
  66  5:24  Refinery, Siege Tank  
  66  5:27  Starport Reactor  
  69  5:29  Terran Infantry Weapons Level 1, SCV  
  69  5:30  SCV  
  69  5:34  Terran Infantry Armor Level 1  
  69  5:35  Marine x2  
  73  6:09  SCV  
  73  6:10  SCV  
  73  6:11  Barracks Reactor x2  
  57  6:12  Barracks Reactor  
  57  6:16  Supply Depot  
  57  6:18  Supply Depot  
  57  6:19  Supply Depot  
  57  6:20  Orbital Command  
  57  6:22  SCV x2  
  57  6:25  Supply Depot  
  59  6:27  Widow Mine  
  59  6:31  Marine  
  59  6:32  Marine  
  63  6:33  Factory  
  63  6:34  Medivac x2, SCV  
  68  6:45  SCV x2  
  70  6:49  Marine  
  70  6:52  Supply Depot, Liberator x2  
  70  6:53  Supply Depot  
  71  6:55  Supply Depot, SCV  
  71  6:57  Marine x3, SCV  
  71  6:58  Marine x2  
  78  7:02  Armory  
  78  7:05  Marine x2  
  78  7:07  Marine, Widow Mine  
  89  7:16  SCV x2  
  89  7:20  Factory Reactor  
  89  7:22  Supply Depot  
  91  7:27  Marine x5  
  91  7:28  Marine x2  
  98  7:33  SCV x3  
  101  7:39  Marine  
  101  7:42  Supply Depot  
  102  7:44  Marine  
  102  7:46  Supply Depot  
  102  7:48  Marine x4  
  102  7:49  Widow Mine  
  109  7:54  Medivac x2  
  109  7:57  Marine  
  109  7:58  Marine x2  
  116  7:59  Widow Mine  
  116  8:00  Widow Mine  
  116  8:02  Marine  
  121  8:08  Terran Infantry Armor Level 2, Terran Infantry Weapons Level 2  
  121  8:17  Widow Mine  
  123  8:24  Missile Turret  
  123  8:26  Missile Turret  
  123  8:27  Orbital Command  
  123  8:28  Widow Mine, Missile Turret  
  123  8:29  Missile Turret  
  123  8:30  Marine x3  
  123  8:31  Marine  
  129  8:35  Missile Turret  
  129  8:36  Marine x3  
  129  8:37  Marine  
  129  8:40  Missile Turret  
  123  9:06  Marine  
  123  9:07  Marine x7  
  127  9:22  Siege Tank  
  127  9:23  Medivac  
  131  9:24  Marine  
  131  9:25  Marine x7  
  139  9:35  SCV x3  
  139  9:36  Barracks  
  139  9:37  Barracks  
  142  9:42  Marine  
  142  9:43  Marine x2  
  145  9:54  Siege Tank, Liberator x2  
  131  10:06  Marine x4  
  128  10:07  Marine x4  
  128  10:09  Widow Mine x2  
  126  10:24  Marine x5  
  126  10:25  Marine, Barracks Tech Lab x2  
  126  10:26  Widow Mine  
  134  10:28  SCV x2  
  134  10:29  Marine, SCV  
  134  10:30  Marine  
  139  10:38  Barracks  
  139  10:40  SCV  
  139  10:41  Barracks, SCV x2  
  142  10:45  Missile Turret  
  141  10:51  Bunker  
  141  10:52  Bunker  
  129  11:06  Marine x3  
  129  11:07  Marine x5  
  129  11:08  Widow Mine x2  
  129  11:09  Widow Mine  
  149  11:21  Marine  
  149  11:25  Refinery  
  152  11:28  Refinery  
Tags
 
Add a new tag
Caveats
  • Supply blocks, unpowered buildings, or Contaminate may cause inaccurate times.
  • Supply counts are checked every 10 seconds.